 Dungeon Crawl Stone Soup version 0.21.1-1-g345015f (webtiles) character file.

35 Monsterracer the Insei (level 3, -1/23 HPs)
             Began as an Octopode Transmuter on Feb 6, 2018.
             Slain by a jackal (2 damage)
             ... on level 2 of the Dungeon.
             The game lasted 00:01:48 (1052 turns).

Monsterracer the Insei (Octopode Transmuter)        Turns: 1052, Time: 00:01:49

Health: -1/23      AC:  1    Str:  9    XL:     3   Next: 33%
Magic:  2/6        EV: 13    Int: 16    God:
Gold:   17         SH:  0    Dex: 12    Spells: 0/6 levels left

rFire    . . .     SeeInvis .     - Unarmed
rCold    . . .     Gourm    .   (no shield)
rNeg     . . .     Faith    .   (helmet restricted)
rPois    .         Spirit   .   (no amulet)
rElec    .         Reflect  .   (no ring)
rCorr    .         Harm     .   (no ring)
MR       .....                  (no ring)
Stlth    +++.......             (no ring)
HPRegen  0.07/turn              (no ring)
MPRegen  0.10/turn              (no ring)
                                (no ring)
                                (no ring)

@: very slightly contaminated
A: almost no armour, stealthy swim, amphibious, 8 rings, constrict 8, camouflage
1, gelatinous body 1
a: no special abilities


You were on level 2 of the Dungeon.
You were not hungry.

You visited 1 branch of the dungeon, and saw 2 of its levels.

You collected 17 gold pieces.

Inventory:

Missiles
 a - 36 arrows
Scrolls
 f - 2 scrolls of identify {unknown}
 g - a scroll of teleportation {unknown}
Potions
 d - a potion of might {unknown}
 e - a potion of degeneration {unknown}
 h - 3 potions of haste {unknown}
Books
 b - a book of Changes

   Spells                             Type                      Level
   a - Beastly Appendage              Transmutation                1
   b - Sticks to Snakes               Transmutation                2
   c - Spider Form                    Transmutation/Poison         3
   d - Ice Form                       Ice/Transmutation            4
   e - Blade Hands                    Transmutation                5
Comestibles
 c - a ration


   Skills:
 + Level 1.4 Fighting
 + Level 2.3 Dodging
 + Level 1.2 Stealth
 * Level 3.5 Unarmed Combat
 - Level 2.0 Spellcasting
 + Level 2.3 Transmutations


You couldn't memorise any spells.
You knew the following spells:

 Your Spells              Type           Power        Failure   Level  Hunger
a - Beastly Appendage     Tmut           #.....       8%          1    #......
b - Sticks to Snakes      Tmut           #.......     12%         2    ###....
c - Spider Form           Tmut/Pois      #.........   36%         3    ###....


Dungeon Overview and Level Annotations

Branches:
Dungeon (2/15)

Altars:


Innate Abilities, Weirdness & Mutations

You cannot wear most types of armour.
You are very stealthy in the water. (Stealth+)
You are amphibious.
You can wear up to eight rings at the same time.
You can use your tentacles to constrict eight enemies at once.
Your skin changes colour to match your surroundings (Stealth+).
Your rubbery body absorbs attacks. (AC +1, EV +1)


Message History

You catch the helpless rat completely off-guard!
You tentacle-slap the rat.
You kill the rat!
No target in view!
No target in view!
No target in view!
You are feeling hungry.
HP restored.
You butcher the rat corpse.
h - a chunk of flesh Eating a chunk of flesh.
You eat the chunk of flesh.
This raw flesh tastes terrible.
Found a buckler.
Health restored: 23 A worm comes into view.
A worm is nearby!
You see here 3 emerald potions.
h - 3 emerald potions A kobold comes into view.
It is wielding a short sword.
You see here a buckler.
A jackal comes into view.
Found a ring mail and a scroll labeled MOXAOM RUHAXIKYN.
A kobold comes into view. It is wielding a dagger.
Casting: Beastly Appendage
Confirm with . or Enter, or press ? or * to list all spells.
You turn into a venomous arachnid creature.
The kobold shouts! x2
The jackal moves out of view.
The kobold moves out of view.
The kobold throws a stone.
The stone closely misses you.
You now have 3/6 mp.
You hit the worm.
The worm is poisoned.
The worm is lightly wounded.
You hit the worm but do no damage.
The worm looks as sick as possible!
The worm is moderately wounded.
The worm barely misses you.
You hit the worm.
The worm looks as sick as possible!
The worm is moderately wounded.
Your transformation is almost over.
The worm misses you.
You closely miss the kobold. The kobold closely misses you.
A frilled lizard comes into view.
The frilled lizard hisses angrily.
You bite the kobold!
You kill the kobold!
You hear a bark!
The worm bites you!
You take 8 damage, and have 15/23 hp.
MASSIVE DAMAGE!!
You closely miss the kobold. The kobold closely misses you.
The jackal barks!
You hit the worm.
The worm looks as sick as possible!
The worm is almost dead.
You kill the worm!
The kobold completely misses you.
A bat comes into view.
You closely miss the kobold.
The bat moves out of view.
The kobold closely misses you.
You closely miss the kobold. The kobold hits you with a short sword.
* * * LOW HITPOINT WARNING * * *
You take 5 damage, and have 10/23 hp.
MASSIVE DAMAGE!!
You hit the kobold.
You kill the kobold!
The frilled lizard barely misses you.
You hit the jackal but do no damage. The bat closely misses you.
The jackal closely misses you.
The frilled lizard bites you but does no damage.
The jackal bites you.
* * * LOW HITPOINT WARNING * * *
You take 2 damage, and have 8/23 hp.
You hit the jackal but do no damage.
Your transformation has ended.
The bat hits you.
* * * LOW HITPOINT WARNING * * *
The jackal barely misses you. The frilled lizard closely misses you.
You take 1 damage, and have 7/23 hp.
You closely miss the frilled lizard. Your grab misses the frilled lizard.
Your squeeze misses the frilled lizard. The bat barely misses you.
The jackal bites you.
* * * LOW HITPOINT WARNING * * *
The frilled lizard closely misses you. The jackal bites you.
* * * LOW HITPOINT WARNING * * *
You take 3 damage, and have 4/23 hp.
Casting: Spider Form
Confirm with . or Enter, or press ? or * to list all spells.
You miscast Spider Form.
You are very lightly contaminated with residual magic.
Strange energies run through your body. The bat hits you.
* * * LOW HITPOINT WARNING * * *
The frilled lizard barely misses you. The jackal bites you.
* * * LOW HITPOINT WARNING * * *
The bat closely misses you.
You take 3 damage, and have 1/23 hp.
You now have 1/6 mp.
The bat hits you but does no damage.
You see here a buckler.
The bat hits you but does no damage. The jackal barely misses you.
The bat closely misses you. The bat hits you but does no damage.
You completely miss the bat. Your grab misses the bat. The bat misses you.
You barely miss the jackal. Your grab misses the jackal.
Your tentacle-slap misses the jackal.
The jackal bites you.
You die...

###.####)## #
.........# .#
###......## #.#
#######.## #.#
.........###.#
#######.....#
###### #....##
#.....#
#.###.###......#
...#
#..#@......#
#####
##.h##.....#
#..........#
#...[#.#.###
#..#(# # .#
#..))†.....#
#..#.#.[....
#.....###..#
#...#. .#


You could see a jackal.

Vanquished Creatures
  A worm (D:2)
  A dart slug (D:1)
  2 bats (D:1)
  A giant cockroach (D:1)
  3 goblins (D:1)
  4 hobgoblins
  4 jackals (D:2)
  4 kobolds
  A ball python (D:1)
  3 frilled lizards (D:1)
  3 rats
27 creatures vanquished.

Notes
Turn   | Place    | Note
-------+----------+-------------------------------------------
     0 | D:1      | Monsterracer the Octopode Transmuter began the quest for the Orb.
     0 | D:1      | Reached XP level 1. HP: 13/13 MP: 3/3
    37 | D:1      | HP: 5/13 [frilled lizard (2)]
   294 | D:1      | Reached XP level 2. HP: 18/18 MP: 5/5
   304 | D:1      | Learned a level 2 spell: Sticks to Snakes
   493 | D:1      | Reached skill level 1 in Stealth
   934 | D:2      | Reached XP level 3. HP: 19/23 MP: 4/6
   945 | D:2      | Learned a level 3 spell: Spider Form
  1041 | D:2      | HP: 10/23 [kobold/short sword (6)]
  1045 | D:2      | HP: 4/23 [jackal (1)]
  1046 | D:2      | HP: 1/23 [jackal (2)]
  1052 | D:2      | Slain by a jackal

Skill      XL: |  1  2 |
---------------+-------+-----
Stealth        | 1 |  1.2
Fighting       | |  1.4
Dodging        | |  2.3
Unarmed Combat | |  3.5
Spellcasting   | |  2.0
Transmutations | |  2.3

Action                   || total
-------------------------++-------
Melee: Unarmed           ||    67
       Constrict         ||    10
       Tentacles         ||    10
       Kick              ||     8
       Punch             ||     4
 Cast: Beastly Appendage ||    11
       Spider Form       ||     1
 Stab: Sleeping          ||     3
       Distracted        ||     1
  Eat: Chunk             ||     1
Armor: Skin              ||     9
Dodge: Dodged            ||    54

Vault maps used:
D:1:      eino_arrival_water_cross, kennysheep_flooded_box
D:2:      minmay_pentomino_x2
